 Dungeon Crawl Stone Soup version 0.29-a0-838-g385bb11a5b (webtiles) character file.

Game seed: 227204926423786417

6 zeratav the Stinger (level 1, -1/11 HPs)
             Began as an Octopode Venom Mage on July 13, 2022.
             Slain by a gnoll
             ... wielding a +0 club
              (4 damage)
             ... on level 1 of the Dungeon.
             The game lasted 00:00:20 (381 turns).

zeratav the Stinger (Octopode Venom Mage)            Turns: 381, Time: 00:00:20

Health: -1/11      AC:  1    Str:  7    XL:     1   Next: 90%
Magic:  3/3        EV: 13    Int: 17    God:
Gold:   50         SH:  0    Dex: 12    Spells: 3/4 levels left

rFire   . . .      SeeInvis .   (no weapon)
rCold   . . .      Faith    .   (no shield)
rNeg    . . .      Spirit   .   (helmet restricted)
rPois   .          Reflect  .   (no amulet)
rElec   .          Harm     .   (no ring)
rCorr   .          Rampage  .   (no ring)
Will    .....                   (no ring)
Stlth   +++.......              (no ring)
HPRegen 0.03/turn               (no ring)
MPRegen 0.08/turn               (no ring)
                                (no ring)
                                (no ring)

@: no status effects
A: almost no armour, amphibious, 8 rings, camouflage 1, gelatinous body 1,
(nimble swimmer 1), tentacles
a: no special abilities


You were on level 1 of the Dungeon.
You visited 1 branch of the dungeon, and saw 1 of its levels.

You collected 50 gold pieces.


Innate Abilities, Weirdness & Mutations

You cannot wear most types of armour.
You are amphibious.
You can wear up to eight rings at the same time.
Your skin changes colour to match your surroundings (Stealth+).
Your rubbery body absorbs attacks. (AC +1, EV +1)
((You are camouflaged when in or above water. (Stealth+)))
You have tentacles for arms and can constrict up to eight enemies at once.


   Skills:
 - Level 2.0 Dodging
 + Level 3.2 Stealth
 - Level 2.0 Spellcasting
 - Level 1.0 Transmutations
 + Level 3.9 Poison Magic


You had 3 spell levels left.
You knew the following spells:

 Your Spells              Type           Power      Damage    Failure   Level
a - Sting                 Tmut/Pois      40%        1d5       7%          1

Your spell library contained the following spells:

 Spells                   Type           Power      Damage    Failure   Level
 Poisonous Vapours        Pois/Air       16%        N/A       13%         2
 Mephitic Cloud           Conj/Pois/Air  6%         N/A       34%         3
 Olgreb's Toxic Radiance  Pois           15%        N/A       36%         4

Inventory:

Scrolls
 b - 2 scrolls of identify {unknown}
Potions
 a - a potion of magic
 c - a potion of flight {unknown}
 d - a potion of brilliance {unknown}

Dungeon Overview and Level Annotations

Branches:
Dungeon (1/15) Zot: 5618

Altars:

......... ##. ##..#.#...#
# #.. #.. ..##.##.# #.#
#.# #.....#.# #
#.####.###.# #.......#.##
...........###.#........#
#.# #...........†......#
#.# #..##....##bg...#..
#.# #..##......@.......#
#.####..####.###^....#..#
#..>##..# #............#
........# ######.......#
###.###.# #..####.#
........# #..# #
###.##### #..# #.# ..#
#.#


You could see a gnoll and a bat.


Message History

The endoplasm quivers.
The endoplasm hits the plant.
The plant begins to die.
An endoplasm comes into view.
A nearby plant withers and dies.
The sting hits the endoplasm.
The endoplasm is poisoned.
MP[-1]
You lost 1 mp, and now have 2/3 mp.
The sting hits the endoplasm.
The endoplasm partially resists.
MP[-1]
You lost 1 mp, and now have 1/3 mp.
The sting hits the endoplasm.
The endoplasm partially resists.
The endoplasm looks even sicker.
MP[-1]
You lost 1 mp, and now have 0/3 mp.
You tentacle-slap the endoplasm.
You kill the endoplasm!
The endoplasm hits you.
Your Stealth skill increases to level 3!
HP[-3]
You take 3 damage, and now have 8/11 hp.
MASSIVE DAMAGE!! (PAUSE)
You tentacle-slap the endoplasm but do no damage.
The endoplasm closely misses you.
You tentacle-slap the endoplasm. The endoplasm freezes you.
You are frozen.
* * * LOW HITPOINT WARNING * * *
HP[-4]
You take 4 damage, and now have 4/11 hp.
MASSIVE DAMAGE!! (PAUSE)
You are too injured to fight recklessly!
You barely miss the endoplasm. You squeeze the endoplasm.
You kill the endoplasm!
c - a coppery potion You start resting.
HP[+7] MP[+3]
Your hp is fully restored (11).
Your mp is fully restored (3).
Found an escape hatch in the floor.
Found a stone staircase leading down.
There is an escape hatch in the floor here.
You now have 50 gold pieces (gained 8).
There is an escape hatch in the floor here.
d - a fuming black potion A bat comes into view.
A bat is nearby!
A bat is nearby!
The bat barely misses you.
You barely miss the bat. Your grab misses the bat.
You squeeze the bat, but do no damage. The bat closely misses you.
The bat closely misses you. The bat barely misses you. The bat hits you.
The bat misses you.
HP[-1]
You take 1 damage, and now have 10/11 hp.
You completely miss the bat. You grab the bat.
You squeeze the bat, but do no damage. You constrict the bat. The bat hits you.
The bat escapes!
HP[-1]
You take 1 damage, and now have 9/11 hp.
A gnoll comes into view. It is wielding a +0 club.
The bat closely misses you.
You tentacle-slap the bat but do no damage.
Your grab misses the bat. The bat completely misses you.
The gnoll shouts!
A bat comes into view.
The bat hits you but does no damage.
You tentacle-slap the bat. You grab the bat.
You constrict the bat, but do no damage.
The bat misses you.
The bat struggles to escape constriction.
The bat closely misses you.
The bat escapes!
You closely miss the bat. Your grab misses the bat.
The bat hits you but does no damage. The bat barely misses you.
You tentacle-slap the bat but do no damage.
You grab the bat. You constrict the bat. The bat hits you but does no damage.
The bat struggles to escape constriction.
The bat escapes!
The bat hits you.
HP[-1]
You take 1 damage, and now have 8/11 hp.
You closely miss the bat. You grab the bat.
You squeeze the bat, but do no damage. You constrict the bat.
You kill the bat!
The bat hits you but does no damage. x2
You barely miss the gnoll. You grab the gnoll. You constrict the gnoll.
The bat closely misses you. The gnoll hits you with a +0 club.
* * * LOW HITPOINT WARNING * * *
HP[-4]
You take 4 damage, and now have 4/11 hp.
MASSIVE DAMAGE!! (PAUSE)
You are too injured to fight recklessly!
You are too injured to fight recklessly!
You are too injured to fight recklessly!
You are too injured to fight recklessly!
You are too injured to fight recklessly!
You are too injured to fight recklessly!
You release your grip on the gnoll.
The bat hits you.
* * * LOW HITPOINT WARNING * * *
HP[-1]
You take 1 damage, and now have 3/11 hp.
The bat misses you. The gnoll hits you with a +0 club.
You die...

Skill      XL: |  1 |
---------------+----+-----
Stealth        | 3 |  3.2
Dodging        | |  2.0
Spellcasting   | |  2.0
Transmutations | |  1.0
Poison Magic   | |  3.9

Action                   || total
-------------------------++-------
Melee: Unarmed           ||    14
       Constrict         ||     5
       Tentacles         ||     4
 Cast: Sting             ||     6
Armor: Skin              ||     5
Dodge: Dodged            ||    17

Levels and vault maps discovered:
D:1:      amcnicky_arrival_feature_with_door, layout_loops_ring,
          shapermc_ecumenical_altar_mp_ritualfount

Notes
Turn   | Place    | Note
-------+----------+-------------------------------------------
     0 | D:1      | zeratav the Octopode Venom Mage began the quest for the
                  | Orb.
     0 | D:1      | Reached XP level 1. HP: 11/11 MP: 3/3
     0 | D:1      | magus.rc [v1.9.6]
    77 | D:1      | Found a faded altar of an unknown god.
   106 | D:1      | Reached skill level 3 in Stealth
   381 | D:1      | Slain by a gnoll

Vanquished Creatures
  2 endoplasms (D:1)
  2 jackals (D:1)
  A bat (D:1)
5 creatures vanquished.

Vanquished Creatures (others)
  A plant (D:1)
1 creature vanquished.

Grand Total: 6 creatures vanquished

Table legend:
 A = Non-vault XP
 B = Vault XP
 C = Vault XP percentage of total XP
 D = Non-vault monster count
 E = Vault monster count
 F = Vault count percentage of total count
                 A         B        C        D         E       F
            +---------+---------+-------+---------+---------+-------
      Total |       9 |       0 |   0.0 |       5 |       0 |   0.0
            +---------+---------+-------+---------+---------+-------
        D:1 |       9 |       0 |   0.0 |       5 |       0 |   0.0
            +---------+---------+-------+---------+---------+-------

Illustrated notes

Table legend:
 A = Kills in this place as a percentage of kills in entire the game.
 B = Kills by you in this place as a percentage of kills by you in the entire game.
 C = Kills by friends in this place as a percentage of kills by friends in the entire game.
 D = Other kills in this place as a percentage of other kills in the entire game.
 E = Experience gained in this place as a percentage of experience gained in the entire game.
 F = Experience gained in this place divided by the number of levels of this place that you have seen.
                   A       B       C       D       E      F
               +-------+-------+-------+-------+-------+----------------------
         Total | 100.0 | 100.0 |   N/A |   N/A | 100.0 |   9.0
       Dungeon | 100.0 | 100.0 |   N/A |   N/A | 100.0 |   9.0
               +-------+-------+-------+-------+-------+----------------------

Table legend: (Time is in decaauts)
 A = Elapsed time spent in this place.
 B = Non-inter-level travel time spent in this place.
 C = Inter-level travel time spent in this place.
 D = Time resting spent in this place.
 E = Time spent auto-exploring this place.
 F = Levels seen in this place.
 G = Mean time per level.
                   A        B        C        D        E       F      G
               +--------+--------+--------+--------+--------+-----+--------+
         Total |    381 |    381 |      0 |    223 |    109 |   1 |  381.0 |
       Dungeon |    381 |    381 |      0 |    223 |    109 |   1 |  381.0 |
               +--------+--------+--------+--------+--------+-----+--------+

Top non-repeatable levels by time:
     D:1: 381 daAuts
